AoeStats
← violetsage

Nomad

510264604Analyzed
2v2 RM · 2d ago on Sep 30, 2026· 69m 54s· 4 players
Game mode
Random Map
Map size
176×176
Population
200
Speed
Normal
Resources
Standard
Victory
Conquest
Starting age
Dark Age
Ending age
Imperial Age
RankedLock teamsTeams togetherTeam positionsShared explorationLock speedFull tech treeHidden civsTurbo modeCheats
Victory
Defeat
🇨🇦 Wu · Canada
1151
+16
🇨🇳 Khmer · China
1106
+18
🇦🇺 Mongols · Australia
1267
-21
🇦🇺 Saxons · Australia
1046
-13
bumap
5:57 Loom
13:29 Feudal Age
13:58 Double-Bit Axe
18:52 Castle Age
16:46 Fishing Lines
18:32 Man-at-Arms
19:29 Forging
19:19 Scale Mail Armor
21:50 Chain Mail Armor
22:23 Wheelbarrow
23:02 Gold Mining
26:02 Gillnets
25:46 Elite Skirmisher
27:08 Gold Shaft Mining
28:06 Squires
29:12 Long Swordsman
31:58 Town Watch
33:56 Iron Casting
35:19 Fletching
39:00 Imperial Age
37:22 Stone Mining
37:33 Arson
38:53 Bow Saw
38:28 Horse Collar
38:45 Pikeman
40:59 Hand Cart
40:09 Heavy Hei Guang Cavalry
43:35 Conscription
43:53 Bloodlines
43:44 Husbandry
43:48 Two-Handed Swordsman
44:29 Light Cavalry
46:35 Chemistry
45:56 Ballistics
46:08 Champion
48:32 Plate Mail Armor
52:09 Blast Furnace
53:09 Stone Shaft Mining
52:33 Bodkin Arrow
54:45 Bracer
55:43 Padded Archer Armor
65:24 Halberdier
着什么急
15:38 Feudal Age
18:27 Castle Age
16:19 Horse Collar
16:54 Double-Bit Axe
17:55 Stone Mining
21:44 Stone Shaft Mining
26:24 Bow Saw
26:58 Gold Mining
28:39 Wheelbarrow
28:06 Heavy Plow
27:52 Fishing Lines
30:00 Hand Cart
32:13 Bloodlines
32:04 Husbandry
33:52 Gillnets
42:03 Imperial Age
39:45 Loom
41:25 Forging
41:21 Scale Barding Armor
45:51 Imperial Age
46:23 Cavalier
47:57 Chain Barding Armor
48:13 Iron Casting
49:53 Conscription
49:21 Light Cavalry
51:49 Blast Furnace
51:38 Plate Barding Armor
55:10 Hussar
58:57 Crop Rotation
58:58 Elite Ballista Elephant
65:21 Double Crossbow
violetsage
3:43 Loom
13:04 Feudal Age
16:46 Castle Age
16:02 Double-Bit Axe
18:37 Fletching
27:01 Bow Saw
29:57 Scale Barding Armor
31:28 Chain Barding Armor
34:15 Wheelbarrow
39:11 Town Watch
41:14 Bloodlines
41:39 Forging
45:20 Gold Mining
48:04 Imperial Age
45:38 Bodkin Arrow
45:55 Thumb Ring
46:11 Padded Archer Armor
47:50 Ballistics
49:25 Bracer
51:15 Chemistry
51:50 Cavalier
60:42 Hand Cart
twaltrich
5:09 Loom
13:27 Feudal Age
18:10 Castle Age
16:01 Double-Bit Axe
16:10 Gold Mining
16:10 Stone Mining
18:23 Forging
18:05 Fletching
18:15 Padded Archer Armor
18:16 Scale Mail Armor
18:07 Fishing Lines
19:01 Gillnets
24:01 Wheelbarrow
24:15 Iron Casting
23:56 Chain Mail Armor
23:41 Bodkin Arrow
24:01 Leather Archer Armor
25:42 Gillnets
26:42 Horse Collar
31:40 Imperial Age
29:29 Redemption
29:41 Sanctity
30:21 Squires
30:07 Arson
31:06 Clerical Recruitment
32:59 Plate Mail Armor
33:50 Gold Shaft Mining
33:05 Stone Mining
33:10 Town Watch
33:44 Block Printing
34:06 Theocracy
34:01 Illumination
35:08 Conscription
34:47 Elite Varangian Guard
37:48 Shield Wall
39:07 Town Patrol
39:23 Hand Cart
51:16 Pikeman
56:46 Leather Archer Armor
56:31 Bracer
57:04 Bow Saw
57:28 Heavy Mounted Crossbowman
57:29 Cranequins
60:51 Chemistry
60:11 Ballistics
62:35 Cranequins
Connection lost

Rejoining the realm…

Still unreachable

The connection could not be restored.

Session expired

The server has moved on; the page needs a fresh start.